 Dungeon Crawl Stone Soup version 0.31-a0-188-g5e087ee2ca (webtiles) character file.

Game seed: 6891672851594934424

823 funkygono the Firebug (level 7, -5/40 HPs)
             Began as a Gargoyle Fire Elementalist on June 23, 2023.
             Slain by a centaur
             ... wielding the +4 long sword of Flawed Execution {freeze, rC+ Int-2 Dex+4}
              (11 damage)
             ... on level 5 of the Dungeon.
             The game lasted 00:09:58 (4893 turns).

funkygono the Firebug (Gargoyle Fire Elementalist)  Turns: 4893, Time: 00:09:58

Health: -5/40      AC:  8    Str: 11    XL:     7   Next: 96%
Magic:  2/14       EV: 12    Int: 18    God:
Gold:   249        SH:  0    Dex: 10    Spells: 12/15 levels left

rFire   . . .        q - +4 whip
rCold   . . .        (no shield)
rNeg    + . .        a - +0 robe
rPois   ∞            w - +2 hat
rElec   +            (no cloak)
rCorr   .            (no gloves)
SInv    .            (no boots)
Will    .....        (no amulet)
Stlth   ++           (no ring)
HPRegen 0.26/turn    (no ring)
MPRegen 0.14/turn

%: no passive effects
@: no status effects
A: sickness immunity, AC +4, negative energy resistance 1, electricity
resistance, torment resistance 1, petrification resistance
a: no special abilities


You were on level 5 of the Dungeon.
You visited 1 branch of the dungeon, and saw 5 of its levels.

You collected 249 gold pieces.

Inventory:

Hand Weapons
 d - a +2 whip of venom
 q - a +4 whip (weapon)
 s - a +2 mace of pain
Armour
 a - a +0 robe (worn)
 i - a +0 ring mail
 p - a +0 leather armour
 w - a +2 hat (worn)
Wands
 b - a wand of flame (12)
Scrolls
 f - 2 scrolls of noise {unknown}
 g - 3 scrolls of identify {unknown}
 h - 3 scrolls of fog {unknown}
 k - a scroll of enchant armour {unknown}
 o - a scroll of vulnerability {unknown}
 r - a scroll of teleportation {unknown}
 x - a scroll of fear {unknown}
Potions
 c - a potion of lignification {unknown}
 e - 2 potions of heal wounds {unknown}
 j - 3 potions of curing {unknown}
 l - a potion of berserk rage {unknown}
 m - a potion of degeneration {unknown}
 n - a potion of might
 t - a potion of haste {unknown}
 u - a potion of cancellation {unknown}
 v - a potion of mutation {unknown}


   Skills:
 + Level 2.0 Fighting
 + Level 2.0 Maces & Flails
 + Level 2.5 Dodging
 + Level 3.0 Stealth
 + Level 4.7 Spellcasting
 + Level 2.8 Conjurations
 + Level 5.8 Fire Magic


You had 12 spell levels left.
You knew the following spells:

 Your Spells              Type           Power      Damage    Failure   Level
a - Foxfire               Conj/Fire      76%        2x1d7     2%          1
b - Scorch                Fire           50%        2d7       1%          2

Your spell library contained the following spells:

 Spells                   Type           Power      Damage    Failure   Level
 Inner Flame              Hex/Fire       14%        N/A       12%         3
 Volatile Blastmotes      Fire/Tloc      28%        2d12      12%         3
 Slow                     Hex            16%        N/A       14%         1
 Flame Wave               Conj/Fire      19%        2d7       22%         4
 Confusing Touch          Hex            4%         N/A       38%         3
 Vampiric Draining        Necr           4%         2d6       38%         3


Dungeon Overview and Level Annotations

Branches:
Dungeon (5/15)             Temple (0/1) D:5

Altars:
Ashenzari
Gozag
Nemelex Xobeh

Shops:
D:1 :


Innate Abilities, Weirdness & Mutations

You are immune to sickness and miasma.
Your stone body is resilient. (AC +4)
You are immune to poison.
You resist negative energy. (rN+)
You are resistant to electric shocks. (rElec)
You are resistant to unholy torment.
You are immune to petrification.


Message History

The iguana barely misses you.
Casting: Scorch (safe; 1% risk of failure)
Confirm with . or Enter, or press ? or * to list all spells.
Flames lash the centaur.
The centaur is severely wounded.
The centaur's fire resistance burns away.
The iguana misses you.
You barely miss the iguana.
The iguana is heavily wounded.
The iguana closely misses you.
Casting: Scorch (safe; 1% risk of failure)
Confirm with . or Enter, or press ? or * to list all spells.
Flames lash the iguana.
The iguana is severely wounded.
The iguana's fire resistance burns away.
The iguana bites you!
* * * LOW HITPOINT WARNING * * *
You hit the iguana.
The iguana is almost dead.
The iguana bites you but does no damage.
Casting: Scorch (safe; 1% risk of failure)
Confirm with . or Enter, or press ? or * to list all spells.
Flames lash the iguana.
The iguana is burned terribly!
You kill the iguana!
The centaur shoots an arrow.
The arrow hits you.
* * * LOW HITPOINT WARNING * * *
Unknown command.
You barely miss the centaur.
The centaur is severely wounded.
The centaur is no longer more vulnerable to fire.
The centaur unwields a +0 shortbow.
The centaur wields the +4 long sword of Flawed Execution {freeze, rC+ Int-2 Dex+4}.
It glows with a cold blue light!
The centaur hits you but does no damage.
The centaur kicks you but does no damage.
You completely miss the centaur.
The centaur is severely wounded.
The centaur barely misses you. The centaur misses you.
The centaur hits you with the +4 long sword of Flawed Execution {freeze, rC+ Int-2 Dex+4}!
You die...

........#
...>...)## ###
.......÷.# #..
##...##..# # #..
##...##).####..#
#.<
..............#
### #..
..#.......#####
..# #..
.....#.÷### #.#
#.. ........c@#
#.# #..
.##...>##.# #.#
#..
#........####
#.# #..
.....#.#.....#
#.# #..
###..#...##..##
#.## ###
..[.###......#
##..# # ....
####.#.####...##
# ...
#...).#.<...## #
##...).......###


You could see a centaur.

Vanquished Creatures
  An ice beast (D:5)
  A phantom (D:4)
  Blork the orc (D:4)
  A scorpion (D:4)
  2 howler monkeys (D:5)
  3 hounds
  An orc priest (D:3)
  Ijyb (D:4)
  2 iguanas
  An orc wizard (D:5)
  Robin (D:2)
  7 gnolls
  5 adders
  A shadow imp (D:5)
  2 worms
  2 dart slugs
  11 orcs
  6 ball pythons
  3 endoplasms
  2 giant cockroaches
  12 goblins
  13 hobgoblins
  7 kobolds
  7 quokkas
  3 bats
  3 frilled lizards
  5 rats
104 creatures vanquished.

Vanquished Creatures (others)
  224 foxfires
224 creatures vanquished.

Grand Total: 328 creatures vanquished

Notes
Turn   | Place    | Note
-------+----------+-------------------------------------------
     0 | D:1      | funkygono the Gargoyle Fire Elementalist began the quest
                  | for the Orb.
     0 | D:1      | Reached XP level 1. HP: 10/10 MP: 3/3
   211 | D:1      | Reached XP level 2. HP: 15/15 MP: 3/5
   273 | D:1      | Found Xusmifyh's Book Emporium.
   297 | D:1      | Learned a level 2 spell: Scorch
  1166 | D:2      | Reached XP level 3. HP: 19/19 MP: 0/6
  1274 | D:2      | Noticed Robin
  1308 | D:2      | Killed Robin
  1510 | D:2      | Found a sparkling altar of Nemelex Xobeh.
  1893 | D:2      | Reached XP level 4. HP: 20/24 MP: 0/8
  2269 | D:3      | Reached skill level 4 in Fire Magic
  2342 | D:3      | Reached XP level 5. HP: 28/28 MP: 3/9
  2767 | D:3      | Reached skill level 1 in Maces & Flails
  2834 | D:3      | Reached skill level 1 in Fighting
  3220 | D:4      | Noticed a phantom
  3224 | D:4      | Killed a phantom
  3225 | D:4      | Reached XP level 6. HP: 34/34 MP: 1/11
  3523 | D:4      | Found a broken altar of Ashenzari.
  3592 | D:4      | Noticed Ijyb
  3608 | D:4      | Killed Ijyb
  3956 | D:4      | Noticed Blork the orc
  3964 | D:4      | Killed Blork the orc
  3965 | D:4      | Reached XP level 7. HP: 27/38 MP: 0/13
  3971 | D:4      | Found an opulent altar of Gozag.
  4146 | D:4      | Reached skill level 5 in Fire Magic
  4561 | D:5      | Entered Level 5 of the Dungeon
  4650 | D:5      | Found a staircase to the Ecumenical Temple.
  4874 | D:5      | Identified the +4 long sword of Flawed Execution {freeze,
                  | rC+ Int-2 Dex+4}
  4893 | D:5      | Slain by a centaur

Illustrated notes

Levels and vault maps discovered:
D:1:      scummos_arrival_star, layout_loops_cross, serial_shops, shop
D:2:      layout_basic, basic_altar, uniq_robin
D:3:      layout_loops_ring
D:4:      layout_basic, cheibrodos_ashenzari_chains,
          mainiacjoe_overflow_chevrons, minmay_bisected, uniq_blork_the_orc,
          uniq_ijyb
D:5:      layout_rooms, minmay_temple_entry_stoned_glass,
          wad_floor_pattern_untrapped

Skill      XL: |  1  2  3  4  5  6  7 |
---------------+----------------------+-----
Dodging        | 2 |  2.5
Spellcasting   | 3 4 |  4.7
Fire Magic     | 4 5 |  5.8
Maces & Flails | 1 2 |  2.0
Fighting       | 1 2 |  2.0
Conjurations   | 2 |  2.8
Stealth        | 3 |  3.0

Action                     |  1- 3 |  4- 6 |  7- 9 || total
---------------------------+-------+-------+-------++-------
  Melee: Unarmed           |     3 |       |       ||     3
         Short sword       |     3 |       |       ||     3
         Club              |     2 |       |       ||     2
         Whip              |     1 |    97 |    24 ||   122
         Punch             |       |     1 |     1 ||     2
   Cast: Foxfire           |    49 |    52 |    28 ||   129
         Scorch            |     7 |    29 |     9 ||    45
    Use: Potion            |       |     1 |       ||     1
   Stab: Sleeping          |       |     2 |       ||     2
 Armour: Robe              |     5 |    30 |    18 ||    53
  Dodge: Dodged            |    13 |    68 |    17 ||    98

Table legend: (Time is in decaauts)
 A = Elapsed time spent in this place.
 B = Non-inter-level travel time spent in this place.
 C = Inter-level travel time spent in this place.
 D = Time resting spent in this place.
 E = Time spent auto-exploring this place.
 F = Levels seen in this place.
 G = Mean time per level.
                   A        B        C        D        E       F      G
               +--------+--------+--------+--------+--------+-----+--------+
         Total |   4897 |   4669 |    228 |    339 |   3440 |   5 |  979.4 |
       Dungeon |   4897 |   4669 |    228 |    339 |   3440 |   5 |  979.4 |
               +--------+--------+--------+--------+--------+-----+--------+

Top non-repeatable levels by time:
     D:4: 1349 daAuts
     D:2: 1194 daAuts
     D:3: 1068 daAuts
     D:1: 953 daAuts
     D:5: 331 daAuts
